 Dungeon Crawl Stone Soup version 0.32-a0-683-ge26c5dbc97 (webtiles) character file.

Game seed: 12617325420196446581

3805 GordonOverkill the Destroyer (level 9, -2/54 HPs)
             Began as a Deep Elf Delver on Mar 11, 2024.
             Was a Priest of Sif Muna.
             Killed from afar by a steam dragon (9 damage)
             ... with a ball of steam
             ... on level 7 of the Dungeon on Mar 12, 2024.
             The game lasted 00:18:38 (12190 turns).

GordonOverkill the Destroyer (Deep Elf Delver)     Turns: 12190, Time: 00:18:39

Health: -2/54      AC: 10    Str:  9    XL:     9   Next: 96%
Magic:  20/20      EV: 12    Int: 20    God:    Sif Muna [***...]
Gold:   178        SH:  0    Dex: 16    Spells: 17/20 levels left

rFire   . . .        p - +0 dagger (venom)
rCold   + . .        (no shield)
rNeg    . . .        b - +0 leather armour
rPois   .            B - +0 helmet
rElec   .            k - +2 cloak
rCorr   .            w - +0 pair of gloves
SInv    .            A - +1 pair of boots
Will    .....        (no amulet)
Stlth   +++          x - +4 ring of slaying
HPRegen 0.29/turn    o - ring of protection from cold
MPRegen 0.17/turn

%: no passive effects
@: hasted, very quick
A: no striking features
a: Renounce Religion, Channel Magic, Forget Spell


You were on level 7 of the Dungeon.
You worshipped Sif Muna.
Sif Muna was most pleased with you.
You visited 2 branches of the dungeon, and saw 9 of its levels.
You also visited: Ossuary.

You collected 316 gold pieces.
You spent 138 gold pieces at shops.

Inventory:

Hand Weapons
 p - a +0 dagger of venom (weapon)
Armour
 b - a +0 leather armour (worn)
 k - a +2 cloak (worn)
 w - a +0 pair of gloves (worn)
 A - a +1 pair of boots (worn)
 B - a +0 helmet (worn)
Jewellery
 j - a +6 ring of strength
 o - a ring of protection from cold (right hand)
 x - a +4 ring of slaying (left hand)
 D - a ring of magical power
Wands
 g - a wand of digging (12)
 z - a wand of polymorph (11)
Scrolls
 a - 2 scrolls of poison
 c - 2 scrolls of fog
 d - 2 scrolls of revelation
 f - a scroll of silence {unknown}
 h - 2 scrolls of teleportation
 i - 2 scrolls of amnesia
 l - 2 scrolls of noise
 m - a scroll of vulnerability {unknown}
 s - a scroll of enchant armour
 t - 2 scrolls of immolation {unknown}
 y - a scroll of summoning {unknown}
Potions
 n - 2 potions of resistance
 q - a potion of enlightenment
 r - 2 potions of mutation
 u - 3 potions of brilliance


   Skills:
 - Level 5.0 Fighting
 - Level 3.0 Short Blades
 - Level 2.4 Dodging
 - Level 6.0 Stealth
 - Level 6.0 Spellcasting
 + Level 12.4 Conjurations
 - Level 1.0 Translocations
 - Level 3.0 Invocations
 - Level 3.0 Evocations


You had 17 spell levels left.
You knew the following spells:

 Your Spells              Type           Power      Damage    Failure   Level
a - Magic Dart            Conj           100%       1d8       1%          1
b - Blink                 Tloc           20%        N/A       14%         2

Your spell library contained the following spells:

 Spells                   Type           Power      Damage    Failure   Level
 Call Imp                 Summ           12%        N/A       22%         2
 Jinxbite                 Hex            12%        N/A       22%         2
 Yara's Violent Unravell  Hex/Alch       3%         3d4       99%         5
 Enfeeble                 Hex            3%         N/A       100%        7


Dungeon Overview and Level Annotations

Branches:
Dungeon (8/15)             Temple (1/1) D:6         Ossuary (visited)
   Lair: D:8-11

Altars:
Ashenzari
Cheibriados
Elyvilon
Fedhas
Gozag
Hepliaklqana
Kikubaaqudgha
Makhleb
Nemelex Xobeh
Okawaru
Qazlal
Ru
Sif Muna
Trog
Uskayaw
Vehumet
Wu Jian
Xom
Yredelemnul
Zin
The Shining One

Shops:
D:2 (   D:4 [   D:5 [

Portals:
Abyss: D:8

Annotations:
D:8 koorschki's ghost, novice DsFE


Message History

* * * LOW HITPOINT WARNING * * *
You barely miss the steam dragon.
The steam dragon is moderately wounded.
The steam dragon breathes steam at you. The ball of steam hits you!
* * * LOW HITPOINT WARNING * * *
You feel yourself speed up.
You are engulfed in a cloud of scalding steam.
* * * LOW HITPOINT WARNING * * *
The steam dragon closely misses you. The steam dragon misses you.
The steam dragon bites you.
* * * LOW HITPOINT WARNING * * *
The steam dragon closely misses you.
You hit the steam dragon but do no damage.
The steam dragon is poisoned.
The steam dragon is moderately wounded.
You hit the steam dragon but do no damage.
The steam dragon looks as sick as possible!
The steam dragon is moderately wounded.
The steam dragon breathes steam at you. The ball of steam hits you.
* * * LOW HITPOINT WARNING * * *
You hit the steam dragon.
The steam dragon looks as sick as possible!
The steam dragon is heavily wounded.
You are engulfed in a cloud of scalding steam.
* * * LOW HITPOINT WARNING * * *
The steam dragon bites you.
* * * LOW HITPOINT WARNING * * *
The steam dragon completely misses you. The steam dragon bites you.
* * * LOW HITPOINT WARNING * * *
The steam dragon claws you.
* * * LOW HITPOINT WARNING * * *
Okay, then.
As you read the scroll of identify, it crumbles to dust.
l - 2 scrolls of noise The steam dragon breathes steam at you.
The ball of steam hits you!
You die...

......................######.##..
.....................#........##.
..........##.....##......##....).
..........#....#.........#...###.
...............##...#.......## ##
..............#######.......#
.).......###..###..#.......##
.........# #####..D.§§......#
....#...## #@§#§..§#..###
........# ####§§§§#### ....#...#
##.### ...##..## ### ...#####
####


You could see a steam dragon (extremely poisoned, catching breath).

Vanquished Creatures
  Joseph (D:8)
  Sigmund (D:4)
  3 yaks (D:6)
  2 steam dragons (D:8)
  A black bear (D:4)
  2 ice beasts (D:6)
  2 sky beasts
  3 orc warriors
  2 ogres
  3 centaurs
  A phantom (D:4)
  A kobold brigand (D:6)
  2 bullfrogs
  A gnoll sergeant (D:6)
  2 scorpions
  6 killer bees (D:7)
  A bombardier beetle (D:5)
  A jelly (D:4)
  A gnoll bouda (D:5)
  4 orc priests
  3 hounds
  2 sleepcaps (D:4)
  3 iguanas
  3 orc wizards
  10 gnolls
  6 adders
  A white imp (D:7)
  4 ufetubi
  A dart slug (D:3)
  24 orcs
  3 ball pythons
  5 bats
  8 endoplasms
  4 giant cockroaches
  9 goblins
  9 hobgoblins
  19 kobolds
  3 quokkas
  5 frilled lizards
  9 rats
  A rat zombie (D:4)
172 creatures vanquished.

Notes
Turn   | Place    | Note
-------+----------+-------------------------------------------
     0 | D:5      | GordonOverkill the Deep Elf Delver began the quest for the
                  | Orb.
     0 | D:5      | Reached XP level 1. HP: 13/13 MP: 3/3
    13 | D:6      | Found a staircase to the Ecumenical Temple.
    38 | Temple   | Entered the Ecumenical Temple
    59 | Temple   | Became a worshipper of Sif Muna the Loreminder
   131 | D:5      | Noticed an iguana
   212 | D:4      | Found a sand-covered staircase.
   226 | Ossuary  | Entered an ossuary
   226 | Ossuary  | Found a huge runed translucent gate.
   226 | Ossuary  | Found a huge runed translucent gate.
   226 | Ossuary  | Found a huge runed translucent gate.
   226 | Ossuary  | Found a huge runed translucent gate.
   226 | Ossuary  | Found a huge runed translucent gate.
   226 | Ossuary  | Found a huge runed translucent gate.
   226 | Ossuary  | Found a huge runed translucent gate.
   226 | Ossuary  | Found a huge runed translucent gate.
   227 | Ossuary  | Found a huge runed translucent gate.
   227 | Ossuary  | Found a huge runed translucent gate.
   228 | Ossuary  | Found a huge runed translucent gate.
   228 | Ossuary  | Found a huge runed translucent gate.
   229 | Ossuary  | Found a huge runed translucent gate.
   230 | Ossuary  | Found a huge runed translucent gate.
   230 | Ossuary  | Found a huge runed translucent gate.
   233 | Ossuary  | Found a huge runed translucent gate.
   233 | Ossuary  | Found a huge runed translucent gate.
   233 | Ossuary  | Found a huge runed translucent gate.
   233 | Ossuary  | Found a huge runed translucent gate.
   233 | Ossuary  | Found a huge runed translucent gate.
   234 | Ossuary  | Found a huge runed translucent gate.
   234 | Ossuary  | Found a huge runed translucent gate.
   236 | Ossuary  | Found a huge runed translucent gate.
   236 | Ossuary  | Found a huge runed translucent gate.
   236 | Ossuary  | Noticed a burial acolyte
   237 | Ossuary  | Found a huge runed translucent gate.
   237 | Ossuary  | Found a huge runed translucent gate.
   238 | Ossuary  | Found a huge runed translucent gate.
   238 | Ossuary  | Found a huge runed translucent gate.
   239 | Ossuary  | Found a huge runed translucent gate.
   239 | Ossuary  | Found a huge runed translucent gate.
   241 | Ossuary  | Found a huge runed translucent gate.
   241 | Ossuary  | Found a huge runed translucent gate.
   241 | Ossuary  | Found a huge runed translucent gate.
   241 | Ossuary  | Found a huge runed translucent gate.
   241 | Ossuary  | Found a huge runed translucent gate.
   244 | Ossuary  | Noticed a burial acolyte
   279 | D:2      | Reached XP level 2. HP: 9/19 MP: 4/4
   361 | D:2      | Reached skill level 1 in Spellcasting
   391 | D:2      | Found Qebehyar's Weapon Shoppe.
   429 | D:2      | Learned a level 1 spell: Magic Dart
   504 | D:2      | Reached XP level 3. HP: 23/23 MP: 4/8
  1331 | D:1      | Reached * piety under Sif Muna
  1426 | D:1      | Reached skill level 1 in Conjurations
  1806 | D:1      | Reached skill level 2 in Conjurations
  1945 | D:1      | Reached XP level 4. HP: 28/28 MP: 10/10
  2478 | D:3      | Reached ** piety under Sif Muna
  2518 | D:3      | Found a glowing golden altar of the Shining One.
  2596 | D:3      | Found a faded altar of an unknown god.
  2909 | D:4      | Reached skill level 3 in Conjurations
  2909 | D:4      | Reached skill level 1 in Invocations
  2920 | D:4      | Reached XP level 5. HP: 20/32 MP: 11/11
  3294 | D:4      | Noticed an ogre
  3299 | D:4      | Killed an ogre
  3325 | D:4      | Noticed Sigmund
  3335 | D:4      | Killed Sigmund
  3336 | D:4      | Reached XP level 6. HP: 29/37 MP: 12/12
  3404 | D:4      | Found Daottoa's Antique Armour Boutique.
  3610 | D:4      | Found a sparkling altar of Nemelex Xobeh.
  3811 | D:4      | Reached skill level 4 in Conjurations
  3811 | D:4      | Reached XP level 7. HP: 37/41 MP: 13/13
  4029 | D:4      | Reached skill level 5 in Conjurations
  4354 | D:5      | Reached skill level 6 in Conjurations
  4512 | D:5      | Found Goph's Armour Emporium.
  4559 | D:5      | Reached skill level 5 in Spellcasting
  4981 | D:4      | Reached *** piety under Sif Muna
  5432 | D:5      | Bought a +1 pair of boots for 138 gold pieces
  5510 | D:6      | Reached XP level 8. HP: 46/46 MP: 19/19
  5586 | D:6      | Reached skill level 7 in Conjurations
  6125 | D:6      | Reached skill level 8 in Conjurations
  6407 | D:6      | Reached skill level 9 in Conjurations
  7174 | D:6      | Reached skill level 10 in Conjurations
  7228 | D:6      | Reached XP level 9. HP: 19/51 MP: 20/20
  7461 | D:6      | Learned a level 2 spell: Blink
  7484 | D:5      | Reached skill level 1 in Translocations
  8153 | D:6      | Reached skill level 5 in Fighting
  8596 | D:7      | Found a radiant altar of Vehumet.
  9884 | D:7      | Found a radiant altar of Vehumet.
 10149 | D:7      | Reached skill level 11 in Conjurations
 10239 | D:7      | Found a radiant altar of Vehumet.
 10386 | D:8      | Upgraded the game from 0.32-a0-675-gdc239d62e1 to
                  | 0.32-a0-683-ge26c5dbc97
 10436 | D:8      | HP: 2/54 [something] (9)]
 10754 | D:8      | Noticed Joseph
 11150 | D:8      | Found a one-way gate to the infinite horrors of the Abyss.
 11150 | D:8      | Noticed koorschki's ghost (novice DsFE)
 11195 | D:8      | Noticed a hell hog
 11264 | D:8      | Found a shimmering altar of Xom.
 11324 | D:8      | Killed Joseph
 11325 | D:8      | Reached skill level 12 in Conjurations
 12190 | D:7      | Killed from afar by a steam dragon

Illustrated notes

Levels and vault maps discovered:
D:1:      elethiomel_arrival_fortress_basement, layout_basic
D:2:      layout_basic, serial_shops, shop, minmay_hexomino_r4
D:3:      minmay_general_purpose_star, layout_loops_cross, tso_altar,
          hellmonk_ecumenical_altar_slurped_away
D:4:      layout_basic, mainiacjoe_overflow_six_doors_small, enter_ossuary_3,
          serial_shops, nicolae_shop_pleasant_corner_grove, uniq_sigmund
D:5:      layout_rooms, mainiacjoe_overflow_chevrons,
          nicolae_inconvenience_store
D:6:      layout_loops_ring, minmay_temple_entry_drinking_statues
D:7:      layout_cave_pools, nicolae_overflow_crystal_walls
D:8:      layout_loops_ring, mainiacjoe_overflow_alcove_4, serial_shops, shop,
          gammafunk_ghost_abyssal_escape, uniq_joseph
Temple:   nicolae_temple_slightly_damp_pantheon

Skill      XL: |  1  2  3  4  5  6  7  8  9 |
---------------+----------------------------+-----
Fighting       | 3 5 |  5.0
Spellcasting   | 2 3 6 |  6.0
Conjurations   | 2 3 4 6 10 12 | 12.4
Invocations    | 2 3 |  3.0
Evocations     | 3 |  3.0
Short Blades   | 3 |  3.0
Translocations | 1 |  1.0
Dodging        | |  2.4
Stealth        | |  6.0

Action                     |  1- 3 |  4- 6 |  7- 9 || total
---------------------------+-------+-------+-------++-------
  Melee: Short sword       |    67 |       |       ||    67
         Dagger            |    59 |    99 |   365 ||   523
   Cast: Magic Dart        |     7 |       |   114 ||   121
    Use: Potion            |     1 |     1 |     6 ||     8
         Scroll            |       |    10 |     7 ||    17
   Stab: Sleeping          |     9 |    11 |     7 ||    27
         Distracted        |       |       |     1 ||     1
 Armour: Leather armour    |    68 |    48 |   320 ||   436
  Dodge: Dodged            |    82 |    47 |   255 ||   384

Table legend: (Time is in decaauts)
 A = Elapsed time spent in this place.
 B = Non-inter-level travel time spent in this place.
 C = Inter-level travel time spent in this place.
 D = Time resting spent in this place.
 E = Time spent auto-exploring this place.
 F = Levels seen in this place.
 G = Mean time per level.
                   A        B        C        D        E       F      G
               +--------+--------+--------+--------+--------+-----+--------+
         Total |  12099 |  11591 |    508 |   4635 |   4903 |  10 | 1209.9 |
       Dungeon |  12038 |  11570 |    468 |   4635 |   4903 |   8 | 1504.8 |
        Temple |     42 |      2 |     40 |      0 |      0 |   1 |   42.0 |
       Ossuary |     17 |     17 |      0 |      0 |      0 |   1 |   17.0 |
               +--------+--------+--------+--------+--------+-----+--------+

Top non-repeatable levels by time:
     D:7: 2928 daAuts
     D:6: 2427 daAuts
     D:5: 1657 daAuts
     D:4: 1548 daAuts
     D:2: 972 daAuts
     D:8: 872 daAuts
     D:3: 842 daAuts
     D:1: 789 daAuts
  Temple: 42 daAuts
 Ossuary: 17 daAuts
